 Dungeon Crawl Stone Soup version 0.16-a0-331-g39fd2ee (webtiles) character file.

129 PolkaDot the Caller (level 4, 0/30 HPs)
             Began as a Vampire Summoner on Sept 7, 2014.
             Slain by an orc priest
             ... wielding a +0 mace
              (1 damage)
             ... on Level 4 of the Dungeon.
             The game lasted 00:09:59 (2545 turns).

PolkaDot the Caller (Vampire Summoner)              Turns: 2545, Time: 00:10:00

HP   0/30        AC  2     Str  7      XL: 4   Next: 88%
MP   0/7         EV 12     Int 18      God:
Gold 151         SH  0     Dex 14      Spells:  3 memorised,  1 level left

rFire  . . .     SeeInvis +     r - +0 dagger (elec)
rCold  . . .     Clarity  .     a - +0 robe
rNeg   . . .     rCorr    .     (no shield)
rPois  .         rRot     .     (no helmet)
rElec  .         Spirit   .     (no cloak)
SustAb .         Warding  .     (no gloves)
rMut   .         Stasis   .     (no boots)
Gourm  .                        (no amulet)
MR     .....                    (no ring)
                                h - ring of stealth

@: regenerating quickly, not resistant to hostile enchantments, fairly stealthy
A: fangs 3, see invisible, unbreathing
a: no special abilities


You were on level 4 of the Dungeon.
You were very full.

You visited 1 branch of the dungeon, and saw 4 of its levels.

You collected 151 gold pieces.

Inventory:

Hand weapons
 r - a +0 dagger of electrocution (weapon)
Armour
 a - a +0 robe (worn)
Scrolls
 d - a scroll of enchant weapon
 g - 5 scrolls of identify {unknown}
 l - a scroll of fog {unknown}
 p - a scroll of blinking {unknown}
 q - 2 scrolls of remove curse {unknown}
Jewellery
 h - a ring of stealth (left hand)
Potions
 e - a potion of magic {unknown}
 f - a potion of brilliance {unknown}
 i - a potion of invisibility {unknown}
 j - a potion of agility {unknown}
 k - a potion of heal wounds {unknown}
 n - a potion of poison {unknown}
 o - a potion of flight {unknown}
Books
 b - a book of Callings

   Spells                             Type                      Level
   *Summon Small Mammal               Summoning                    1
   *Call Imp                          Summoning                    2
   *Call Canine Familiar              Summoning                    3
   Summon Guardian Golem              Hexes/Summoning              4
   Summon Lightning Spire             Summoning/Air                4
   Summon Ice Beast                   Ice/Summoning                4


   Skills:
 - Level 2.1 Dodging
 - Level 3.0 Stealth
 - Level 2.0 Spellcasting
 * Level 6.2 Summonings


You had one spell level left.
You knew the following spells:

 Your Spells              Type           Power        Failure   Level  Hunger
a - Summon Small Mammal   Summ           ###.         1%          1    #......
d - Call Canine Familiar  Summ           ###.....     4%          3    ####...
s - Call Imp              Summ           ###.....     1%          2    ##.....


Dungeon Overview and Level Annotations

Branches:
Dungeon (4/15)
 Temple: D:4-7

Altars:
Dithmenos
Fedhas
Gozag
Nemelex Xobeh
Trog
Xom


Innate Abilities, Weirdness & Mutations

Your natural rate of healing is unusually fast.
You have razor-sharp teeth.
You have supernaturally acute eyesight.
You can survive without breathing.


Message History

The orc priest calls down the wrath of Beogh upon you.
Something smites you!
* * * LOW HITPOINT WARNING * * *
Your shadow imp closely misses the orc priest.
Drink which item? (? for menu, Esc to quit)
You feel better. The orc priest hits you with a mace.
* * * LOW HITPOINT WARNING * * *
Your shadow imp closely misses the orc priest.
You hit the orc priest but do no damage.
The orc priest is almost dead.
The orc priest hits you with a mace.
* * * LOW HITPOINT WARNING * * *
Your shadow imp misses the orc priest.
You closely miss the orc priest.
The orc priest is almost dead.
Your shadow imp barely misses the orc priest.
You hit the orc priest.
The orc priest is almost dead.
The orc priest hits you with a mace.
You die...

.... ...... #.
...... .# #
....##.# ### ..#
......##..# #....
#........##
....###...#...<..
......#.5o#)).#
#...@).%# #
#..#..##.# ##.
#.####.# # #.#
#.# #.# #.# ##.##
#.. ##.## #...#
... #... ##..##
...
#..###...##### .
#.)............


You could see an orc priest and a friendly shadow imp.

Vanquished Creatures
  2 adders (D:2)
  3 worms
  3 giant geckos (D:3)
  An orc (D:4)
  2 bats
  2 giant cockroaches
  10 goblins
  6 hobgoblins
  7 jackals
  A quokka (D:2)
  6 giant newts
  7 kobolds
  6 rats
56 creatures vanquished.

Vanquished Creatures (collateral kills)
  Terence (D:2)
  An adder (D:2)
  3 worms (D:2)
  2 orcs (D:4)
  2 giant cockroaches
  3 goblins (D:2)
  4 hobgoblins
  A jackal (D:3)
  2 kobolds
  A rat (D:2)
20 creatures vanquished.

Vanquished Creatures (others)
  3 hounds
  A crimson imp (D:4)
  A bat (D:1)
5 creatures vanquished.

Grand Total: 81 creatures vanquished

Notes
Turn   | Place    | Note
--------------------------------------------------------------
     0 | D:1      | PolkaDot, the Vampire Summoner, began the quest for the Orb.
     0 | D:1      | Reached XP level 1. HP: 13/13 MP: 3/3
   263 | D:1      | Reached XP level 2. HP: 8/19 MP: 4/4
   453 | D:1      | Found a shimmering altar of Xom.
   676 | D:1      | Learned a level 2 spell: Call Imp
   759 | D:2      | Reached skill level 5 in Summonings
   759 | D:2      | Reached XP level 3. HP: 5/24 MP: 0/6
   805 | D:2      | Learned a level 3 spell: Call Canine Familiar
  1165 | D:2      | Noticed Terence
  1190 | D:2      | Killed Terence
  1190 | D:2      | Reached XP level 4. HP: 26/30 MP: 2/7
  1242 | D:2      | Found a blossoming altar of Fedhas.
  1950 | D:3      | Reached skill level 6 in Summonings
  2078 | D:3      | Found a shadowy altar of Dithmenos.
  2143 | D:3      | Found a bloodstained altar of Trog.
  2304 | D:3      | Found a sparkling altar of Nemelex Xobeh.
  2304 | D:3      | Found an opulent altar of Gozag.
  2543 | D:4      | HP: 1/30 [orc priest/mace (4)]
  2545 | D:4      | Slain by an orc priest

Action                   |  1- 3 |  4- 6 || total
-------------------------+-------+-------++-------
Melee: Short sword       |   115 |    72 ||   187
       Unarmed           |    11 |       ||    11
       Dagger            |       |    11 ||    11
 Cast: Summon Small Mamm |     6 |       ||     6
       Call Imp          |     6 |     5 ||    11
       Call Canine Famil |     4 |     5 ||     9
  Use: Scroll            |     3 |       ||     3
       Potion            |       |     2 ||     2
 Stab: Sleeping          |     6 |     7 ||    13
  Eat: Corpse            |    17 |     9 ||    26
